 Dungeon Crawl Stone Soup version 0.19-b1-5-gdc9fa9d (webtiles) character file.

5607 Leibowitz the Spear-Bearer (level 10, -5/84 HPs)
             Began as a Demigod Gladiator on Oct 31, 2016.
             Killed from afar by a gargoyle (11 damage)
             ... with a stone arrow
             ... on level 12 of the Dungeon.
             The game lasted 00:42:54 (9595 turns).

Leibowitz the Spear-Bearer (Demigod Gladiator)      Turns: 9595, Time: 00:42:55

Health: -5/84      AC:  9    Str: 20    XL:     10   Next: 22%
Magic:  13/13      EV: 17    Int: 12    God:
Gold:   621        SH:  0    Dex: 20    Spells: 0 memorised, 9 levels left

rFire  . . .     SeeInvis +     b - +0 blowgun (curse)
rCold  . . .     Gourm    .     N - +0 troll leather armour
rNeg   . . .     Faith    .     (no shield)
rPois  .         Spirit   .     c - +0 helmet
rElec  .         Reflect  .     E - +0 cloak
rCorr  .         Harm     .     w - +1 pair of gloves
MR     +....     Rnd*Tele +     (no boots)
Stlth  +++.......               r - amulet of regeneration
                                H - ring of teleportation (curse)
                                y - ring of see invisible

@: no status effects
A: high mp 1
a: no special abilities


You were on level 12 of the Dungeon.
You were not hungry.

You visited 1 branch of the dungeon, and saw 11 of its levels.

You collected 621 gold pieces.

Inventory:

Hand Weapons
 a - a +0 trident
 b - a cursed +0 blowgun (weapon)
Missiles
 d - 2 throwing nets
 A - 12 poisoned needles (quivered)
Armour
 c - a +0 helmet (worn)
 w - a +1 pair of gloves (worn)
 E - a +0 cloak (worn)
 N - a +0 troll leather armour (worn)
Jewellery
 h - a +2 ring of protection
 l - a +4 ring of intelligence
 m - an uncursed ring of stealth {unknown}
 r - an amulet of regeneration (around neck)
 t - an uncursed ring of magical power
 x - an uncursed amulet of harm
 y - a ring of see invisible (left hand)
 F - an uncursed ring of protection from magic
 H - a cursed ring of teleportation (right hand)
Wands
 G - a wand of flame (23/48)
 P - a wand of disintegration (0/24)
Scrolls
 j - 3 scrolls of enchant armour
 s - 8 scrolls of identify
 v - 4 scrolls of teleportation
 L - 3 scrolls of blinking
 Q - a scroll of fog
Potions
 e - 2 potions of resistance
 g - 3 potions of ambrosia
 i - a potion of haste {unknown}
 k - 2 potions of might
 p - 2 potions of beneficial mutation {unknown}
 u - a potion of magic
 z - a potion of curing {unknown}
 B - a potion of cancellation {unknown}
 J - a potion of lignification {unknown}
 K - a potion of flight {unknown}
 O - a potion of heal wounds
Books
 q - a book of Changes

   Spells                             Type                      Level
   a - Beastly Appendage              Transmutation                1
   b - Sticks to Snakes               Transmutation                2
   c - Spider Form                    Transmutation/Poison         3
   d - Ice Form                       Ice/Transmutation            4
   e - Blade Hands                    Transmutation                5
 I - a book of Cantrips

   Spells                             Type                      Level
   a - Confusing Touch                Hexes                        1
   b - Animate Skeleton               Necromancy                   1
   c - Summon Small Mammal            Summoning                    1
   d - Apportation                    Translocation                1
Comestibles
 f - 7 bread rations
 n - 2 beef jerkies
 o - 8 meat rations
 C - a slice of pizza
 D - a royal jelly
 M - 24 fruits
 R - 3 chunks of flesh


   Skills:
 + Level 6.5 Fighting
 + Level 9.5 Polearms
 + Level 4.3 Throwing
 + Level 4.2 Armour
 + Level 6.6 Dodging
 + Level 3.7 Stealth


You had 9 spell levels left.
You didn't know any spells.

Dungeon Overview and Level Annotations

Branches:
Dungeon (10/15)            Temple (0/1) D:5            Lair (0/6) D:8
    Orc: D:9-12


Innate Abilities, Weirdness & Mutations

You have an increased reservoir of magic. (+10% MP)


Message History

You completely miss the gargoyle. The gargoyle hits you with a flail.
* * * LOW HITPOINT WARNING * * *
You clumsily bash the gargoyle but do no damage.
The gargoyle closely misses you.
You clumsily bash the gargoyle but do no damage.
The gargoyle barely misses you.
You barely miss the gargoyle. The gargoyle hits you with a flail.
* * * LOW HITPOINT WARNING * * *
The gargoyle hurls a stone arrow at you.
The stone arrow hits you!
* * * LOW HITPOINT WARNING * * *
You clumsily bash the gargoyle but do no damage.
The gargoyle barely misses you.
You clumsily bash the gargoyle but do no damage.
The gargoyle misses you.
You clumsily bash the gargoyle but do no damage.
The gargoyle hits you but does no damage.
The gargoyle hurls a stone arrow at you.
The stone arrow hits you!
You die... ######(## #@9..(..( ######.##

You could see a gargoyle.

Vanquished Creatures
  An unseen horror (D:10)
  A two-headed ogre (D:8)
  A troll (D:9)
  A hippogriff (D:7)
  Menkaure (D:5)
  A hornet zombie (D:9)
  5 ice beasts
  3 phantoms
  3 ogres
  An orc warrior (D:5)
  2 sky beasts
  3 centaurs
  2 big kobolds
  Blork the orc (D:5)
  3 bullfrogs
  5 scorpions
  12 killer bees
  6 crimson imps
  A bullfrog zombie (D:7)
  A quasit (D:8)
  2 centaur zombies
  5 orc priests
  3 jellies
  A centaur skeleton (D:3)
  7 hounds
  3 worker ants
  4 bullfrog skeletons
  4 iguanas
  5 orc wizards
  A hound zombie (D:9)
  3 hound skeletons
  A worker ant zombie (D:7)
  6 gnolls
  7 adders
  A shadow imp (D:8)
  3 oozes (D:4)
  An adder skeleton (D:4)
  An adder zombie (D:8)
  5 worms
  2 dart slugs
  5 leopard geckos
  24 orcs
  10 bats
  8 giant cockroaches
  13 goblins
  9 hobgoblins
  12 jackals
  5 quokkas
  7 frilled lizards
  13 kobolds
  A leopard gecko skeleton (D:4)
  A quokka skeleton (D:6)
  11 rats
238 creatures vanquished.

Notes
Turn   | Place    | Note
-------+----------+-------------------------------------------
     0 | D:1      | Leibowitz the Demigod Gladiator began the quest for the Orb.
     0 | D:1      | Reached XP level 1. HP: 17/17 MP: 3/3
   299 | D:1      | Reached XP level 2. HP: 24/24 MP: 4/4
   864 | D:2      | Found a bloodstained altar of Trog.
   918 | D:2      | Reached skill level 3 in Polearms
   950 | D:2      | Reached XP level 3. HP: 28/29 MP: 5/5
  1219 | D:2      | Reached skill level 1 in Armour
  1947 | D:3      | Reached XP level 4. HP: 15/36 MP: 6/6
  2147 | D:3      | Noticed a big kobold
  2166 | D:3      | Killed a big kobold
  2214 | D:3      | Reached skill level 4 in Polearms
  2214 | D:3      | Reached XP level 5. HP: 19/42 MP: 7/7
  2378 | D:3      | Found a white marble altar of Elyvilon.
  3004 | D:3      | Reached XP level 6. HP: 41/50 MP: 8/8
  3446 | D:4      | Reached skill level 5 in Polearms
  3571 | D:4      | Reached skill level 1 in Stealth
  3647 | D:4      | Reached XP level 7. HP: 52/57 MP: 9/9
  3684 | D:4      | Found a shattered altar of Ashenzari.
  4203 | D:5      | Entered Level 5 of the Dungeon
  4236 | D:5      | Found a staircase to the Ecumenical Temple.
  4341 | D:5      | Reached skill level 6 in Polearms
  4444 | D:5      | Found a deep blue altar of Sif Muna.
  4513 | D:5      | Noticed Menkaure
  4539 | D:5      | Killed Menkaure
  4539 | D:5      | Reached XP level 8. HP: 42/66 MP: 10/10
  4611 | D:5      | Found a shimmering altar of Xom.
  4675 | D:5      | Noticed Blork the orc
  4721 | D:5      | Found a blossoming altar of Fedhas.
  4736 | D:5      | Killed Blork the orc
  4845 | D:5      | Reached skill level 7 in Polearms
  4977 | D:5      | Found a glowing silver altar of Zin.
  5296 | D:6      | Reached skill level 5 in Dodging
  5373 | D:6      | Found an opulent altar of Gozag.
  5429 | D:6      | Found a shadowy altar of Dithmenos.
  5953 | D:6      | Reached skill level 5 in Fighting
  6238 | D:7      | Reached skill level 8 in Polearms
  6283 | D:7      | Noticed a hippogriff
  6298 | D:7      | Reached XP level 9. HP: 62/74 MP: 11/11
  6398 | D:7      | Found a burning altar of Makhleb.
  6398 | D:7      | Noticed a green death
  6905 | D:8      | Found a snail-covered altar of Cheibriados.
  6907 | D:8      | Found a shattered altar of Ashenzari.
  7294 | D:8      | Reached skill level 9 in Polearms
  7573 | D:8      | Found a staircase to the Lair.
  7574 | D:8      | Found an iron altar of Okawaru.
  8524 | D:9      | Reached XP level 10. HP: 84/84 MP: 13/13
  8692 | D:10     | Entered Level 10 of the Dungeon
  9182 | D:10     | Noticed an unseen horror
  9210 | D:10     | Killed an unseen horror
  9566 | D:10     | You fall through a shaft for 2 floors!
  9592 | D:12     | HP: 1/84 [gargoyle/stone arrow (16)]
  9595 | D:12     | Killed from afar by a gargoyle

Skill      XL: |  1  2  3  4  5  6  7  8  9 10 |
---------------+-------------------------------+-----
Throwing       | 2 4 |  4.3
Dodging        | 3 4 5 6 |  6.6
Polearms       | 3 4 5 6 8 9 |  9.5
Fighting       | 2 3 4 5 6 |  6.5
Armour         | 1 2 3 4 |  4.2
Stealth        | 1 2 3 |  3.7

Action                   |  1- 3 |  4- 6 |  7- 9 | 10-12 || total
-------------------------+-------+-------+-------+-------++-------
Melee: Trident           |   226 |   230 |   702 |       ||  1158
       Blowgun           |       |       |       |    19 ||    19
 Fire: Blowgun           |       |       |    27 |   101 ||   128
Throw: Throwing net      |       |       |     4 |       ||     4
Evoke: Wand              |       |       |       |     3 ||     3
  Use: Potion            |       |     2 |     5 |       ||     7
       Scroll            |       |       |    12 |       ||    12
 Stab: Sleeping          |     1 |     2 |    11 |       ||    14
       Held in net/web   |       |       |     3 |       ||     3
  Eat: Chunk             |     4 |     6 |    16 |     3 ||    29
Armor: Leather armour    |    78 |    37 |   172 |       ||   287
       Troll leather arm |       |       |    12 |    37 ||    49
Dodge: Dodged            |   160 |   148 |   509 |   117 ||   934
